 Dungeon Crawl Stone Soup version 0.17.0-1-g61d176b (webtiles) character file.

50344 st0uf the Fighter (level 14, 0/124 HPs)
             Began as a Green Draconian Transmuter on Nov 8, 2015.
             Was the Champion of Cheibriados.
             Slain by a yak (7 damage)
             ... on level 8 of the Lair of Beasts.
             The game lasted 02:42:13 (18071 turns).

st0uf the Fighter (Green Draconian Transmuter)     Turns: 18071, Time: 02:42:13

Health: 0/124      AC: 11    Str: 31    XL:     14   Next: 19%
Magic:  22/26      EV: 25    Int: 29    God:    Cheibriados [******]
Gold:   793        SH:  0    Dex: 28    Spells: 5 memorised, 12 levels left

rFire  . . .     SeeInvis +       - Unarmed
rCold  + + .     Clarity  .     (armour unavailable)
rNeg   . . .     SustAt   .     (shield currently unavailable)
rPois  +         Gourm    .     (helmet restricted)
rElec  .         Spirit   .     X - +0 cloak
rCorr  .         Warding  .     (gloves currently unavailable)
rMut   .         Stasis   .     g - +1 pair of boots
MR     ++...                    C - amulet of Corric {rC++ Regen+ Stlth+}
Stlth  +++.......               z - ring of see invisible
                                Q - ring of protection from magic

@: blade hands, very slow, very resistant to hostile enchantments, fairly
stealthy
A: breathe noxious fumes, unfitting armour, stinger 1, poison resistance,
cold-blooded, AC +8
a: Breathe Noxious Fumes, End Transformation, Bend Time, Temporal Distortion,
Slouch, Step From Time, Renounce Religion


You were on level 8 of the Lair of Beasts.
You worshipped Cheibriados.
Cheibriados was exalted by your worship.
You were not hungry.
You had blades for hands.
You visited 2 branches of the dungeon, and saw 16 of its levels.
You also visited: Ossuary.

You collected 1178 gold pieces.
You spent 385 gold pieces at shops.

Inventory:

Hand Weapons
 V - a -2 blowgun
Missiles
 a - 144 arrows
 B - 54 poisoned needles
Armour
 g - a +1 pair of boots (worn)
 i - the +2 shield of Resistance (melded) {rF+ rC+ MR+}
   (You found it on level 6 of the Dungeon)

   It protects you from fire.
   It protects you from cold.
   It affects your resistance to hostile enchantments.
 L - a +2 pair of gloves of archery (melded)
 X - a +0 cloak (worn)
Magical Staves
 N - an uncursed staff of conjuration
Jewellery
 l - an uncursed ring of magical power
 x - an uncursed ring of sustain attributes
 z - a ring of see invisible (right scythe-like blade)
 A - an uncursed ring of invisibility
 C - the amulet of Corric (around neck) {rC++ Regen+ Stlth+}
   (You acquired it on level 8 of the Dungeon)

   [amulet of regeneration]

   It greatly protects you from cold.
   It increases your rate of regeneration.
   It makes you more stealthy.
 J - an uncursed ring of fire
 K - an uncursed ring of positive energy
 M - an uncursed ring of protection from cold
 Q - a ring of protection from magic (left scythe-like blade)
 T - an uncursed ring of stealth
 U - a +3 ring of protection
Wands
 s - a wand of digging (22)
 E - a wand of cold (7)
 P - a wand of fire (2)
Scrolls
 d - 7 scrolls of teleportation
 e - 5 scrolls of identify
 n - 9 scrolls of remove curse
 o - 2 scrolls of blinking
 r - 6 scrolls of amnesia
 u - 6 scrolls of magic mapping
 S - 3 scrolls of enchant armour
 Y - 4 scrolls of fog
Potions
 f - 3 potions of cancellation
 h - 2 potions of agility
 k - 11 potions of curing
 m - 2 potions of resistance
 p - a potion of invisibility
 q - 4 potions of flight
 t - 3 potions of might
 w - 2 potions of cure mutation
 H - a potion of magic
 O - 2 potions of heal wounds
Books
 b - a book of Changes

   Spells                             Type                      Level
   a - Beastly Appendage              Transmutation                1
   b - Sticks to Snakes               Transmutation                2
   c - Spider Form                    Transmutation/Poison         3
   d - Ice Form                       Ice/Transmutation            4
   e - Blade Hands                    Transmutation                5
 j - a book of Unlife

   Spells                             Type                      Level
   a - Recall                         Summoning/Translocation      3
   b - Animate Dead                   Necromancy                   4
   c - Control Undead                 Necromancy                   4
   d - Cigotuvi's Embrace             Necromancy                   5
   e - Death Channel                  Necromancy                   6
   f - Simulacrum                     Ice/Necromancy               6
 v - a Necronomicon

   Spells                             Type                      Level
   a - Haunt                          Necromancy/Summoning         7
   b - Borgnjor's Revivification      Necromancy                   8
   c - Death's Door                   Charms/Necromancy            8
   d - Necromutation                  Transmutation/Necromancy     8
 I - a book of Envenomations

   Spells                             Type                      Level
   a - Spider Form                    Transmutation/Poison         3
   b - Alistair's Intoxication        Transmutation/Poison         4
   c - Olgreb's Toxic Radiance        Poison                       4
   d - Poisonous Cloud                Conjuration/Poison/Air       6
Comestibles
 c - 9 bread rations
 D - 6 meat rations
 F - 17 fruits
 G - a slice of pizza
 R - 5 beef jerkies
 Z - 15 royal jellies


   Skills:
 - Level 11.3 Fighting
 + Level 10.6 Dodging
 - Level 5.8 Shields
 + Level 11.1 Unarmed Combat
 - Level 8.2 Spellcasting
 + Level 4.3 Conjurations
 - Level 10.7 Transmutations
 + Level 4.8 Air Magic
 + Level 6.2 Poison Magic


You had 12 spell levels left.
You knew the following spells:

 Your Spells              Type           Power        Failure   Level  Hunger
a - Beastly Appendage     Trmt           ######       6%          1    None
b - Sticks to Snakes      Trmt           ######....   8%          2    None
c - Spider Form           Trmt/Pois      ######....   12%         3    None
d - Blade Hands           Trmt           ######....   17%         5    ####...
e - Poisonous Cloud       Conj/Pois/Air  #####.....   99%         6    ######.


Dungeon Overview and Level Annotations

Branches:
Dungeon (8/15)             Temple (0/1) D:7            Lair (8/8) D:8
  Swamp (0/4) Lair:6       Spider (0/4) Lair:4
  Slime: Lair:6-8

Altars:
Cheibriados
Fedhas
Nemelex Xobeh
Okawaru
Ru
Sif Muna
Vehumet
Zin
The Shining One

Shops:
D:5 *   D:7 *[%:


Innate Abilities, Weirdness & Mutations

You can breathe blasts of noxious fumes.
Your lurid green scales are hard (AC +8).
Your body does not fit into most forms of armour.
Your tail ends in a poisonous barb.
Your system is resistant to poisons.
You are cold-blooded and may be slowed by cold attacks.


Message History

You hit the yak.
You tail-slap the yak, but do no damage.
You slash the yak!!
The yak is severely wounded.
The yak completely misses you. The yak barely misses you.
You hit the yak.
The yak is severely wounded.
The yak barely misses you. The yak misses you. The yak gores you!
* * * LOW HITPOINT WARNING * * *
You hit the yak. You tail-slap the yak.
The yak is poisoned.
You slash the yak.
You kill the yak!
Cheibriados appreciates the change of pace.
You slice the yak!!
The yak is heavily wounded.
The yak barely misses you. The yak completely misses you.
You slice the yak!!
You kill the yak!
Cheibriados appreciates the change of pace.
The yak gores you!
You die...

##...####...## ##....##
#....##...### ###..###
##......### ##...##
#..##...## ##..### ##
#######..## #P..## ... ###
##..# ##..P# .. ##.###
##.###P..## .##
#....####.......†## #..##
......##P....###@†####P..P#
#......#..P###
##YY##.....## #..##.....##
#.....8Y8YP## #...###.###
###.8....8..# ##...#######
#....8.....# ##...###P.#
#P...8....... ##......##
####P...###.Y #......###
###### . ....8......###


You could see a death yak and a yak.

Vanquished Creatures
  Kirke (Lair:8)
  Nessos (Lair:7)
  The ghost of braks the Destroyer, a journeyman DrCj of Cheibriados (Lair:3)
  The ghost of George the Champion of Chaos, a journeyman DsFi of Makhleb (Lair:3)
  The ghost of Rayvis the Fighter, a journeyman MiFi (Lair:2)
  Fannar (Lair:2)
  2 catoblepae
  12 death yaks
  2 griffons
  6 elephants (Lair:7)
  10 spiny frogs
  7 black mambas
  2 torpor snails
  3 fire drakes
  5 komodo dragons
  A polar bear (Lair:6)
  23 blink frogs
  Sigmund (D:6)
  44 yaks
  3 wolves (Lair:3)
  7 hippogriffs
  2 basilisks
  2 hogs (Lair:8)
  6 swamp worms (Lair:6)
  3 ice beasts
  An orc warrior (D:8)
  11 water moccasins
  16 porcupines
  A phantom (D:5)
  8 spiders (Lair:4)
  4 ogres
  4 centaurs
  19 crocodiles
  Blork the orc (D:6)
  23 giant frogs
  2 big kobolds (D:8)
  A water moccasin skeleton (D:8)
  34 killer bees
  3 electric eels
  5 crimson imps
  2 hounds (D:6)
  A gnoll shaman (D:8)
  4 orc wizards
  3 centaur skeletons
  A jelly (D:7)
  6 hell rats (Lair:7)
  9 iguanas
  13 sheep
  4 worker ants
  7 big kobold zombies (Ossuary)
  A hound skeleton (D:7)
  A mummy (Ossuary)
  Robin (D:3)
  6 gnolls (D:8)
  2 worker ant zombies
  13 adders
  39 river rats
  3 shadow imps
  3 oozes
  2 adder skeletons
  A worm (D:3)
  6 giant geckos
  19 orcs
  A bat simulacrum (Ossuary)
  5 giant cockroaches
  5 gnoll zombies (Ossuary)
  17 goblins
  13 hobgoblins
  3 jackals (D:2)
  6 quokkas
  2 ball pythons
  7 bats
  7 giant newts
  4 goblin simulacra (Ossuary)
  7 goblin zombies (Ossuary)
  4 hobgoblin zombies (Ossuary)
  A jackal zombie (D:6)
  24 kobolds
  6 kobold simulacra (Ossuary)
  4 kobold zombies (Ossuary)
  3 orc zombies (Ossuary)
  6 rats
  3 rat simulacra (Ossuary)
555 creatures vanquished.

Vanquished Creatures (collateral kills)
  A hydra (Lair:3)
  A spiny frog (Lair:2)
  4 blink frogs
  A two-headed ogre (D:7)
  Grinder (D:5)
  Eustachio (D:6)
  A porcupine (Lair:3)
  An ice beast (D:6)
  2 water moccasins (Lair:3)
  A wasp (D:7)
  A killer bee (Lair:1)
  A crimson imp (D:5)
  A worker ant (D:7)
  2 sheep (Lair:7)
  A river rat (D:7)
  A fungus (Lair:3)
21 creatures vanquished.

Vanquished Creatures (others)
  A queen bee (Lair:1)
  A human (Lair:8)
  13 fungi
  13 plants
28 creatures vanquished.

Grand Total: 604 creatures vanquished

Notes
Turn   | Place    | Note
--------------------------------------------------------------
     0 | D:1      | st0uf the Draconian Transmuter began the quest for the Orb.
     0 | D:1      | Reached XP level 1. HP: 16/16 MP: 3/3
    56 | D:1      | Reached XP level 2. HP: 20/23 MP: 0/5
   680 | D:1      | Reached XP level 3. HP: 21/29 MP: 3/6
  1239 | D:2      | Reached XP level 4. HP: 36/36 MP: 6/8
  1820 | D:3      | Noticed Robin
  1834 | D:3      | Killed Robin
  1899 | D:3      | Reached XP level 5. HP: 28/42 MP: 7/9
  2027 | D:3      | Found a blossoming altar of Fedhas.
  2597 | D:3      | Learned a level 2 spell: Sticks to Snakes
  2618 | D:3      | Found a radiant altar of Vehumet.
  2971 | D:3      | Reached XP level 6. HP: 40/51 MP: 11/11
  3356 | D:4      | Found a sand-covered staircase.
  3366 | Ossuary  | Entered an ossuary
  3704 | Ossuary  | Reached skill level 4 in Unarmed Combat
  4537 | D:5      | Entered Level 5 of the Dungeon
  4577 | D:5      | Your scales start taking on a lurid green colour.
  4577 | D:5      | Gained mutation: Your system is resistant to poisons. [Green Draconian growth]
  4577 | D:5      | Reached XP level 7. HP: 53/57 MP: 10/12
  4635 | D:5      | Learned a level 3 spell: Spider Form
  4738 | D:5      | Noticed Grinder
  4753 | D:5      | Paralysed by Grinder for 2 turns
  4803 | D:4      | Reached skill level 1 in Poison Magic
  5102 | D:5      | Paralysed by Grinder for 3 turns
  5152 | D:5      | Paralysed by Grinder for 2 turns
  5169 | D:5      | Paralysed by Grinder for 7 turns
  5171 | D:5      | Killed Grinder
  5599 | D:5      | Found Jeommia's Assorted Antiques.
  5861 | D:6      | Reached XP level 8. HP: 48/67 MP: 14/14
  6199 | D:6      | Noticed Blork the orc
  6291 | D:6      | Reached skill level 1 in Shields
  6432 | D:6      | Noticed Sigmund
  6450 | D:6      | Killed Sigmund
  6450 | D:6      | Reached skill level 5 in Fighting
  6450 | D:6      | Reached skill level 5 in Transmutations
  6524 | D:6      | Reached skill level 5 in Spellcasting
  6576 | D:6      | Found a glowing golden altar of the Shining One.
  6600 | D:6      | Found a sparkling altar of Nemelex Xobeh.
  6620 | D:6      | Noticed Eustachio
  6636 | D:6      | Killed Eustachio
  6684 | D:6      | Killed Blork the orc
  6689 | D:6      | Found a deep blue altar of Sif Muna.
  6874 | D:6      | Found a snail-covered altar of Cheibriados.
  6877 | D:6      | Became a worshipper of Cheibriados the Contemplative
  7116 | D:7      | Found Maja's Food Shoppe.
  7119 | D:7      | Found Nesarph's Armour Shop.
  7155 | D:7      | Reached XP level 9. HP: 75/75 MP: 11/16
  7197 | D:7      | Reached skill level 5 in Dodging
  7455 | D:7      | Reached * piety under Cheibriados
  7506 | D:7      | Found a staircase to the Ecumenical Temple.
  7610 | D:7      | Found Yvyo's Book Shoppe.
  7737 | D:7      | Reached skill level 6 in Fighting
  7737 | D:7      | Reached skill level 5 in Unarmed Combat
  7773 | D:7      | Found Bixa's Assorted Antiques.
  7793 | D:7      | Bought a sapphire ring for 135 gold pieces
  7793 | D:7      | Bought a white potion for 24 gold pieces
  7793 | D:7      | Bought a scroll labeled SEXAFU NUSTO for 27 gold pieces
  7793 | D:7      | Bought a white potion for 24 gold pieces
  7793 | D:7      | Bought a scroll labeled YBUKLO VUAXOYL for 27 gold pieces
  7793 | D:7      | Bought a scroll labeled GAOM GIOXELLIN for 27 gold pieces
  7793 | D:7      | Bought a cloak for 121 gold pieces
  8495 | D:8      | Found a staircase to the Lair.
  8715 | D:8      | Reached ** piety under Cheibriados
  9018 | D:8      | Found a glowing silver altar of Zin.
  9085 | D:8      | Got a wavering golden amulet
  9086 | D:8      | Identified the amulet of Corric {rC++ Regen+ Stlth+} (You acquired it on level 8 of the Dungeon)
  9204 | D:8      | Reached skill level 7 in Fighting
  9248 | D:8      | Reached *** piety under Cheibriados
  9263 | D:8      | Reached XP level 10. HP: 86/86 MP: 17/17
  9324 | D:8      | Found a sacrificial altar of Ru.
  9324 | D:8      | Found an iron altar of Okawaru.
  9635 | Lair:1   | Entered Level 1 of the Lair of Beasts
  9777 | Lair:1   | Reached skill level 5 in Shields
  9838 | Lair:1   | Reached **** piety under Cheibriados
  9972 | Lair:1   | Noticed a black mamba
 10217 | Lair:1   | Killed a black mamba
 10266 | Lair:1   | Reached skill level 8 in Fighting
 10393 | Lair:1   | Reached ***** piety under Cheibriados
 10921 | Lair:1   | Reached XP level 11. HP: 81/95 MP: 18/18
 11406 | Lair:2   | Reached skill level 9 in Fighting
 11527 | Lair:2   | Noticed Rayvis's ghost (journeyman MiFi)
 11586 | Lair:2   | Killed Rayvis's ghost
 11701 | Lair:2   | Noticed Fannar
 11710 | Lair:2   | Killed Fannar
 11717 | Lair:2   | Learned a level 5 spell: Blade Hands
 11772 | Lair:2   | Reached ****** piety under Cheibriados
 12573 | Lair:2   | Reached XP level 12. HP: 87/106 MP: 21/21
 12879 | Lair:3   | Noticed braks's ghost (journeyman DrCj)
 12910 | Lair:3   | HP: 4/106 [braks's ghost (14)]
 13079 | Lair:3   | Killed braks's ghost
 13223 | Lair:3   | Reached skill level 10 in Fighting
 13260 | Lair:3   | Noticed an eight-headed hydra
 13314 | Lair:3   | Killed an eight-headed hydra
 13575 | Lair:3   | Noticed George's ghost (journeyman DsFi)
 13582 | Lair:3   | Killed George's ghost
 14171 | Lair:4   | Found a hole to the Spider Nest.
 14263 | Lair:4   | Reached skill level 10 in Transmutations
 15103 | Lair:5   | Reached skill level 11 in Fighting
 15418 | Lair:5   | Reached XP level 13. HP: 114/116 MP: 24/24
 16168 | Lair:6   | Found a staircase to the Swamp.
 16185 | Lair:6   | Reached skill level 10 in Unarmed Combat
 16824 | Lair:7   | Learned a level 6 spell: Poisonous Cloud
 16840 | Lair:7   | Noticed Nessos
 16926 | Lair:7   | Killed Nessos
 16926 | Lair:7   | Reached skill level 1 in Conjurations
 16926 | Lair:7   | Reached skill level 1 in Air Magic
 17127 | Lair:7   | Reached skill level 10 in Dodging
 17617 | Lair:7   | Reached skill level 5 in Poison Magic
 17639 | Lair:8   | Entered Level 8 of the Lair of Beasts
 17708 | Lair:8   | Noticed Kirke
 17729 | Lair:8   | Killed Kirke
 18010 | Lair:8   | Gained mutation: Your tail ends in a poisonous barb. [Green Draconian growth]
 18010 | Lair:8   | Reached XP level 14. HP: 99/124 MP: 22/26
 18068 | Lair:8   | HP: 5/124 [yak (10)]
 18071 | Lair:8   | Slain by a yak

Action                   |  1- 3 |  4- 6 |  7- 9 | 10-12 | 13-15 || total
-------------------------+-------+-------+-------+-------+-------++-------
Melee: Unarmed           |   123 |   423 |   479 |   706 |   305 ||  2036
 Cast: Beastly Appendage |    27 |    57 |    52 |    58 |    15 ||   209
       Sticks to Snakes  |       |       |    22 |    28 |     2 ||    52
       Spider Form       |       |       |       |     1 |       ||     1
       Blade Hands       |       |       |       |    17 |    20 ||    37
 Abil: Breathe Noxious F |       |       |    14 |     7 |       ||    21
  Use: Scroll            |       |     7 |     7 |    15 |     6 ||    35
       Potion            |       |       |       |     1 |       ||     1
 Stab: Sleeping          |       |     3 |     1 |    13 |     7 ||    24
       Confused          |       |       |     5 |     7 |       ||    12
       Distracted        |       |       |     3 |     8 |       ||    11
  Eat: Chunk             |     2 |     8 |    12 |    18 |    11 ||    51
       Meat ration       |       |     1 |       |       |       ||     1
       Pizza             |       |       |     2 |     1 |       ||     3
